AA CENTRAL
SAN ANTONIO MISSIONS @ ARKANSAS TRAVELERS
04/29/2042
 
TOP OF THE 1ST
San Antonio Missions batting - Pitching for Arkansas Travelers : RHP José Manuel
Pitching: RHP José Manuel
Batting: RHB Tim James 0-0: Called Strike
0-1: Foul Ball, location: 2F
0-2: Ball
1-2: Fly out, F8 (Flyball, 8RD, EV 100.6 MPH)
Batting: RHB Jorge Cabrera 0-0: Ball
1-0: Foul Ball, location: 9LMF
1-1: Ball
2-1: Ball
3-1: Base on Balls
Batting: LHB Greg Nikorak 0-0: Called Strike
0-1: Ball
1-1: Ball
2-1: Swinging Strike
2-2: Ball
3-2: Strikes out looking
Batting: RHB Orlando Hernández 0-0: Foul Ball, location: 2F
0-1: Ball
1-1: Ball
2-1: Fielders Choice at 2nd, 6-4 (Groundball, 6, EV 95.0 MPH)
Top of the 1st over - 0 runs, 0 hits, 0 errors, 1 left on base; San Antonio 0 - Arkansas 0
BOTTOM OF THE 1ST
Arkansas Travelers batting - Pitching for San Antonio Missions : LHP Mac White
Pitching: LHP Mac White
Batting: LHB Edgar Vargo 0-0: SINGLE (Groundball, 6M, EV 100.6 MPH)
Batting: LHB Brad McParland 0-0: Fly out, F8 (Flyball, 8RD, EV 88.1 MPH)
Batting: LHB José Barrón 0-0: Called Strike
0-1: Fielders Choice at 2nd, 4-6 (Groundball, 4M, EV 78.1 MPH)
Batting: RHB Dave Davis 0-0: Foul Ball, location: 3DF
0-1: Ball
1-1: Called Strike
José Barrón steals 2nd base
1-2: Strikes out looking
Bottom of the 1st over - 0 runs, 1 hit, 0 errors, 1 left on base; San Antonio 0 - Arkansas 0
TOP OF THE 2ND
San Antonio Missions batting - Pitching for Arkansas Travelers : RHP José Manuel
Batting: RHB John Howatt 0-0: Foul Ball, location: 9LMF
0-1: Swinging Strike
0-2: Strikes out looking
Batting: RHB Jeremy Brennan 0-0: Ball
1-0: Foul Ball, location: 7LSF
1-1: Foul Ball, location: 2RF
1-2: Strikes out swinging
Batting: RHB Luis Vázquez 0-0: Swinging Strike
0-1: SINGLE (Line Drive, 6MD, EV 105.0 MPH)
Batting: SHB Pat Griffin 0-0: Called Strike
0-1: Ball
1-1: Called Strike
Luis Vázquez steals 2nd base
1-2: Ball
2-2: Foul Ball, location: 7LDF
2-2: Ball
3-2: Base on Balls
Batting: RHB Mike Miller 0-0: Ball
1-0: Ground out 5-3 (Groundball, 15, EV 86.9 MPH)
Top of the 2nd over - 0 runs, 1 hit, 0 errors, 2 left on base; San Antonio 0 - Arkansas 0
BOTTOM OF THE 2ND
Arkansas Travelers batting - Pitching for San Antonio Missions : LHP Mac White
Batting: SHB Junior Garrett 0-0: Foul Ball, location: 3SF
0-1: Ball
1-1: Ground out 4-3 (Groundball, 4, EV 105.0 MPH)
Batting: RHB Xavier López 0-0: Ball
1-0: Foul Ball, location: 25F
1-1: Foul Ball, location: 2F
1-2: Ground out U3 (Groundball, 34, EV 102.5 MPH)
Batting: RHB Clarence Gedman 0-0: Called Strike
0-1: Foul Ball, location: 2F
0-2: Strikes out looking
Bottom of the 2nd over - 0 runs, 0 hits, 0 errors, 0 left on base; San Antonio 0 - Arkansas 0
TOP OF THE 3RD
San Antonio Missions batting - Pitching for Arkansas Travelers : RHP José Manuel
Batting: RHB Tim James 0-0: Ball
1-0: Ball
2-0: Ball
3-0: Base on Balls
Batting: RHB Jorge Cabrera 0-0: Ball
1-0: Ball
2-0: Bunt - Flyout to 2R! F2
Batting: LHB Greg Nikorak 0-0: Ball
1-0: Called Strike
1-1: Ball
2-1: Foul Ball, location: 2F
2-2: Strikes out swinging
Batting: RHB Orlando Hernández 0-0: Swinging Strike
0-1: Swinging Strike
0-2: Ball
1-2: Strikes out swinging
Top of the 3rd over - 0 runs, 0 hits, 0 errors, 1 left on base; San Antonio 0 - Arkansas 0
BOTTOM OF THE 3RD
Arkansas Travelers batting - Pitching for San Antonio Missions : LHP Mac White
Batting: RHB Reggie Allen 0-0: Called Strike
0-1: Ball
1-1: Foul Ball, location: 2F
1-2: Strikes out swinging
Batting: RHB David Ayala 0-0: Bunted foul
0-1: Ball
1-1: Ball
2-1: Fly out, F7 (Flyball, 78M, EV 80.6 MPH)
Batting: LHB Edgar Vargo 0-0: Ball
1-0: Called Strike
1-1: Foul Ball, location: 2F
1-2: Strikes out swinging
Bottom of the 3rd over - 0 runs, 0 hits, 0 errors, 0 left on base; San Antonio 0 - Arkansas 0
TOP OF THE 4TH
San Antonio Missions batting - Pitching for Arkansas Travelers : RHP José Manuel
Batting: RHB John Howatt 0-0: Called Strike
0-1: Ball
1-1: Called Strike
1-2: Ground out 4-3 (Groundball, 4, EV 81.3 MPH)
Batting: RHB Jeremy Brennan 0-0: Foul Ball, location: 2F
0-1: Ball
1-1: Swinging Strike
1-2: Foul Ball, location: 3F
1-2: Strikes out swinging
Batting: RHB Luis Vázquez 0-0: Foul Ball, location: 2F
0-1: Ball
1-1: Called Strike
1-2: Ball
2-2: Foul Ball, location: 2F
2-2: Ball
3-2: Foul Ball, location: 2F
3-2: Foul Ball, location: 5F
3-2: Base on Balls
Batting: SHB Pat Griffin 0-0: Ball
1-0: Foul Ball, location: 2F
1-1: Ball
2-1: Called Strike
2-2: Foul Ball, location: 7LSF
2-2: DOUBLE (Flyball, 89XD, EV 105.0 MPH)
Luis Vázquez to third
Runner from 3rd tries for Home, SAFE, throw by CF to home
Batting: RHB Mike Miller 0-0: Ball
1-0: Called Strike
1-1: Ball
2-1: Called Strike
2-2: Ground out 5-3 (Groundball, 56, EV 85.6 MPH)
Top of the 4th over - 1 run, 1 hit, 0 errors, 1 left on base; San Antonio 1 - Arkansas 0
BOTTOM OF THE 4TH
Arkansas Travelers batting - Pitching for San Antonio Missions : LHP Mac White
Batting: LHB Brad McParland 0-0: Ball
1-0: Ball
2-0: Called Strike
2-1: Ground out 5-3 (Groundball, 5, EV 111.3 MPH)
Batting: LHB José Barrón 0-0: Ball
1-0: Ground out 4-3 (Groundball, 4, EV 92.5 MPH)
Batting: RHB Dave Davis 0-0: Swinging Strike
0-1: Ball
1-1: Fly out, F9 (Flyball, 9LS, EV 80.6 MPH)
Bottom of the 4th over - 0 runs, 0 hits, 0 errors, 0 left on base; San Antonio 1 - Arkansas 0
TOP OF THE 5TH
San Antonio Missions batting - Pitching for Arkansas Travelers : RHP José Manuel
Batting: RHB Tim James 0-0: Foul Ball, location: 9LSF
0-1: Ground out 6-3 (Groundball, 6S, EV 72.5 MPH)
Pitching: RHP Joe Anderson
Batting: RHB Jorge Cabrera 0-0: Ball
1-0: Ball
2-0: Ball
3-0: Called Strike
3-1: Base on Balls
Batting: LHB Greg Nikorak 0-0: Ball
1-0: Called Strike
1-1: Ball
2-1: Called Strike
2-2: Strikes out swinging
Batting: RHB Orlando Hernández 0-0: Called Strike
0-1: Called Strike
Jorge Cabrera is caught stealing 2nd base 2-4
Top of the 5th over - 0 runs, 0 hits, 0 errors, 0 left on base; San Antonio 1 - Arkansas 0
BOTTOM OF THE 5TH
Arkansas Travelers batting - Pitching for San Antonio Missions : LHP Mac White
Batting: SHB Junior Garrett 0-0: Ball
1-0: Ball
2-0: Ground out 5-3 (Groundball, 5, EV 89.4 MPH)
Batting: RHB Xavier López 0-0: Ball
1-0: Ground out 5-3 (Groundball, 56, EV 102.5 MPH)
Batting: RHB Clarence Gedman 0-0: Ball
1-0: Swinging Strike
1-1: Ground out 5-3 (Groundball, 56, EV 86.9 MPH)
Bottom of the 5th over - 0 runs, 0 hits, 0 errors, 0 left on base; San Antonio 1 - Arkansas 0
TOP OF THE 6TH
San Antonio Missions batting - Pitching for Arkansas Travelers : RHP Joe Anderson
Batting: RHB Orlando Hernández 0-0: Called Strike
0-1: Ground out 6-3 (Groundball, 6, EV 68.1 MPH)
Batting: RHB John Howatt 0-0: Ball
1-0: DOUBLE (Flyball, 78XD, EV 96.9 MPH)
Batting: RHB Jeremy Brennan 0-0: Called Strike
0-1: Ball
1-1: Ball
2-1: Ball
3-1: Foul Ball, location: 5F
3-2: SINGLE (Line Drive, 89S, EV 103.8 MPH)
John Howatt to third
Batting: RHB Luis Vázquez 0-0: Fielders Choice at home, 5-2 (Groundball, 5, EV 81.9 MPH)
Jeremy Brennan to second
Batting: SHB Pat Griffin 0-0: Ball
1-0: Called Strike
1-1: Ball
2-1: Ball
3-1: Base on Balls
Jeremy Brennan to third
Luis Vázquez to second
Batting: RHB Mike Miller 0-0: Foul Ball, location: 2F
0-1: Ball
1-1: Ball
2-1: Fly out, F8 (Flyball, 8RD, EV 99.4 MPH)
Top of the 6th over - 0 runs, 2 hits, 0 errors, 3 left on base; San Antonio 1 - Arkansas 0
BOTTOM OF THE 6TH
Arkansas Travelers batting - Pitching for San Antonio Missions : LHP Mac White
Batting: RHB Reggie Allen 0-0: Called Strike
0-1: Ground out 6-3 (Groundball, 6, EV 86.9 MPH)
Batting: RHB David Ayala 0-0: Called Strike
0-1: Ground out 5-3 (Groundball, 56, EV 78.8 MPH)
Batting: LHB Edgar Vargo 0-0: Ball
1-0: Foul Ball, location: 2F
1-1: Swinging Strike
1-2: Strikes out swinging
Bottom of the 6th over - 0 runs, 0 hits, 0 errors, 0 left on base; San Antonio 1 - Arkansas 0
TOP OF THE 7TH
San Antonio Missions batting - Pitching for Arkansas Travelers : RHP Joe Anderson
Batting: RHB Tim James 0-0: Called Strike
0-1: Ball
1-1: Ball
2-1: Ball
3-1: Base on Balls
Batting: RHB Jorge Cabrera 0-0: Ball
1-0: Sac Bunt to 23 - play at first, batter safe!
Tim James to second
Batting: LHB Greg Nikorak 0-0: Ball
1-0: Ball
2-0: Ball
3-0: Called Strike
3-1: Foul Ball, location: 2F
3-2: Foul Ball, location: 7LDF
3-2: Base on Balls
Tim James to third
Jorge Cabrera to second
Pitching: RHP Curt Owen
Batting: RHB Orlando Hernández 0-0: Ball
1-0: Foul Ball, location: 5F
1-1: DOUBLE (Line Drive, 89D, EV 100.0 MPH)
Tim James scores
Jorge Cabrera scores
Greg Nikorak to third
Batting: RHB John Howatt 0-0: SINGLE (Line Drive, 6MD, EV 102.5 MPH)
Greg Nikorak scores
Orlando Hernández to third
Batting: RHB Jeremy Brennan 0-0: Called Strike
0-1: Ball
1-1: Swinging Strike
1-2: Strikes out swinging
Batting: RHB Luis Vázquez 0-0: Ball
1-0: Ball
2-0: Called Strike
2-1: Foul Ball, location: 5SF
2-2: Ball
3-2: Base on Balls
John Howatt to second
Batting: SHB Pat Griffin 0-0: Ball
1-0: Ball
2-0: Ball
3-0: Called Strike
3-1: Foul Ball, location: 2F
3-2: Strikes out swinging
Batting: RHB Mike Miller 0-0: Ball
1-0: Called Strike
1-1: SINGLE (Line Drive, 78S, EV 103.1 MPH)
Orlando Hernández scores
John Howatt to third
Luis Vázquez to second
Batting: RHB Tim James 0-0: Ball
1-0: SINGLE (Groundball, 3D, EV 99.4 MPH)
John Howatt scores
Luis Vázquez to third
Mike Miller to second
Batting: RHB Jorge Cabrera 0-0: Ball
1-0: Swinging Strike
1-1: Called Strike
1-2: Fielders Choice at 2nd, 6-4 (Groundball, 6, EV 88.1 MPH)
Top of the 7th over - 5 runs, 5 hits, 0 errors, 3 left on base; San Antonio 6 - Arkansas 0
BOTTOM OF THE 7TH
Arkansas Travelers batting - Pitching for San Antonio Missions : LHP Mac White
Batting: LHB Brad McParland 0-0: Called Strike
0-1: Swinging Strike
0-2: Ball
1-2: SINGLE (Line Drive, 6D, EV 99.4 MPH)
Batting: LHB José Barrón 0-0: Ball
1-0: Foul Ball, location: 2F
1-1: Ball
2-1: Called Strike
2-2: Fly out, F9 (Flyball, 89M, EV 94.4 MPH)
Batting: RHB Dave Davis 0-0: Called Strike
0-1: Foul Ball, location: 3FF
0-2: Strikes out swinging
Batting: SHB Junior Garrett 0-0: Ball
Brad McParland is caught stealing 2nd base 2-4
Bottom of the 7th over - 0 runs, 1 hit, 0 errors, 0 left on base; San Antonio 6 - Arkansas 0
TOP OF THE 8TH
San Antonio Missions batting - Pitching for Arkansas Travelers : RHP Curt Owen
Batting: LHB Greg Nikorak 0-0: Called Strike
0-1: Ball
1-1: Foul Ball, location: 23FF
1-2: Ball
2-2: Foul Ball, location: 7LSF
2-2: Foul Ball, location: 7LDF
2-2: Ball
3-2: Strikes out looking
Batting: RHB Orlando Hernández 0-0: Ball
1-0: Ball
2-0: Swinging Strike
2-1: Swinging Strike
2-2: Strikes out swinging
Batting: RHB John Howatt 0-0: Ball
1-0: Ball
2-0: Called Strike
2-1: Called Strike
2-2: Strikes out swinging, 2-3 out at first.
Top of the 8th over - 0 runs, 0 hits, 0 errors, 0 left on base; San Antonio 6 - Arkansas 0
BOTTOM OF THE 8TH
Arkansas Travelers batting - Pitching for San Antonio Missions : LHP Mac White
Batting: SHB Junior Garrett 0-0: Called Strike
0-1: Swinging Strike
0-2: Ground out 4-3 (Groundball, 4, EV 86.3 MPH)
Batting: RHB Xavier López 0-0: SINGLE (Groundball, 6S, EV 70.6 MPH) (infield hit)
Batting: RHB Clarence Gedman 0-0: Ball
1-0: Called Strike
1-1: Fielders Choice at 2nd, 3-6 (Groundball, 3, EV 107.5 MPH)
Batting: RHB Reggie Allen 0-0: Ball
1-0: Called Strike
1-1: Ball
2-1: SINGLE (Groundball, 4MD, EV 96.9 MPH)
Clarence Gedman to second
Batting: RHB David Ayala 0-0: Ball
1-0: Swinging Strike
1-1: Ball
2-1: Fielders Choice at 3rd, U5 (Groundball, 5L, EV 76.9 MPH)
Bottom of the 8th over - 0 runs, 2 hits, 0 errors, 1 left on base; San Antonio 6 - Arkansas 0
TOP OF THE 9TH
San Antonio Missions batting - Pitching for Arkansas Travelers : RHP Curt Owen
Pitching: LHP Jim Unknown
Batting: RHB Jeremy Brennan 0-0: Ball
1-0: Ball
2-0: Ball
3-0: Called Strike
3-1: Base on Balls
Batting: RHB Luis Vázquez 0-0: Called Strike
0-1: Foul Ball, location: 2LF
0-2: Ball
1-2: DOUBLE (Line Drive, 78D, EV 106.9 MPH)
Jeremy Brennan to third
Batting: SHB Pat Griffin 0-0: Ball
1-0: Called Strike
1-1: Ball
2-1: Ball
3-1: Foul Ball, location: 23F
3-2: Base on Balls
Batting: RHB Mike Miller 0-0: Ball
1-0: Called Strike
1-1: Ball
2-1: Ball
3-1: Foul Ball, location: 2F
3-2: Reached on error, E4 (Groundball, 4, EV 85.0 MPH)
Jeremy Brennan scores
Luis Vázquez to third
Pat Griffin to second
Batting: RHB Tim James 0-0: Fly out, F9 (Flyball, 9LM, EV 79.4 MPH)
Runner from 3rd tags up, OUT at HOME! 9-2
Pat Griffin to third
Mike Miller to second
Batting: RHB Jorge Cabrera 0-0: Ball
1-0: Called Strike
1-1: Ball
2-1: Ball
3-1: Base on Balls
Batting: LHB Greg Nikorak 0-0: Called Strike
0-1: SINGLE (Line Drive, 8RS, EV 105.6 MPH)
Pat Griffin scores
Mike Miller to third
Jorge Cabrera to second
Runner from 3rd tries for Home, SAFE, throw by RF to home
Batting: RHB Orlando Hernández 0-0: Fly out, F7 (Flyball, 7S, EV 80.6 MPH)
Top of the 9th over - 3 runs, 2 hits, 1 error, 2 left on base; San Antonio 9 - Arkansas 0
BOTTOM OF THE 9TH
Arkansas Travelers batting - Pitching for San Antonio Missions : LHP Mac White
Pinch Hitting: RHB Jim Unknown 0-0: Foul Ball, location: 2F
0-1: Ball
1-1: Swinging Strike
1-2: Ball
2-2: Strikes out swinging
Pinch Hitting: RHB Jim Unknown 0-0: Called Strike
0-1: Ball
1-1: SINGLE (Groundball, 34D, EV 103.8 MPH)
Batting: LHB José Barrón 0-0: Foul Ball, location: 7LSF
0-1: Called Strike
0-2: Ball
1-2: Ball
2-2: Ball
3-2: Base on Balls
Jim Unknown to second
Batting: RHB Dave Davis 0-0: Foul Ball, location: 9LMF
0-1: Ball
1-1: Ball
2-1: Grounds into double play, 5-4-3 (Groundball, 25, EV 83.1 MPH)
Bottom of the 9th over - 0 runs, 1 hit, 0 errors, 1 left on base; San Antonio 9 - Arkansas 0
Friday, May 3rd , 2024 - OOTP Baseball 24.10 Build 82